 Dungeon Crawl Stone Soup version 0.19.4-8-ga85b6b9 (webtiles) character file.

8436 LORDOFBUTT the Jinx (level 11, -6/47 HPs)
             Began as a Spriggan Enchanter on Feb 14, 2017.
             Was an Initiate of Gozag.
             Mangled by a troll (9 damage)
             ... on level 9 of the Dungeon.
             The game lasted 00:29:21 (14887 turns).

LORDOFBUTT the Jinx (Spriggan Enchanter)           Turns: 14887, Time: 00:29:22

Health: -6/47      AC:  5    Str:  7    XL:     11   Next: 9%
Magic:  23/27      EV: 18    Int: 22    God:    Gozag
Gold:   448        SH:  0    Dex: 18    Spells: 6 memorised, 16 levels left

rFire  . . .     SeeInvis +     D - +1 short sword (drain)
rCold  . . .     Gourm    .     b - +2 robe
rNeg   . . .     Faith    .     (shield restricted)
rPois  +         Spirit   .     I - +0 hat
rElec  .         Reflect  .     J - +0 cloak of the Thirteen Nights {rPois Int+6}
rCorr  +         Harm     .     (gloves unavailable)
MR     +....                    (boots unavailable)
Stlth  +++++.....               (no amulet)
                                n - ring of wizardry
                                h - ring of resist corrosion

@: very slightly contaminated, very quick
A: unfitting armour, see invisible, herbivore 3, speed 3, slow metabolism 2
a: Potion Petition, Call Merchant, Bribe Branch, Renounce Religion


You were on level 9 of the Dungeon.
You worshipped Gozag.
Gozag was aware of your devotion.
You were not hungry.

You visited 2 branches of the dungeon, and saw 11 of its levels.

You collected 1783 gold pieces.
You spent 561 gold pieces at shops.
You paid 774 gold pieces to Gozag.

Inventory:

Hand Weapons
 r - a +0 dagger of speed
 D - a +1 short sword of draining (weapon)
Armour
 b - a +2 robe (worn)
 l - a +0 cloak
 E - the +2 robe of Royalty {*Contam rPois Int+3}
   (You bought it in a shop on level 8 of the Dungeon)

   It affects your intelligence (+3).
   It protects you from poison.
   It causes magical contamination when unequipped.
 I - a +0 hat (worn)
 J - the +0 cloak of the Thirteen Nights (worn) {rPois Int+6}
   (You bought it in a shop on level 8 of the Dungeon)

   It affects your intelligence (+6).
   It protects you from poison.
Jewellery
 h - a ring of resist corrosion (left hand)
 n - a ring of wizardry (right hand)
 H - an uncursed amulet of rage {unknown}
Wands
 g - a wand of teleportation (4/9)
 w - a wand of disintegration (16/24)
 A - a wand of polymorph (13/24)
 B - a wand of random effects (27/48)
Scrolls
 m - a scroll of fog {unknown}
 p - 2 scrolls of remove curse
 s - 2 scrolls of enchant weapon {unknown}
 v - a scroll of summoning {unknown}
 x - a scroll of immolation {unknown}
 y - a scroll of recharging {unknown}
 F - a scroll of silence {unknown}
Potions
 a - 2 potions of curing
 e - a potion of heal wounds
 f - 2 potions of might
 k - 2 potions of cure mutation
 o - 3 potions of haste
 q - a potion of ambrosia {unknown}
 u - 2 potions of lignification
 z - a potion of flight {unknown}
 G - a potion of magic {unknown}
Books
 c - a book of Maledictions

   Spells                             Type                      Level
   a - Corona                         Hexes                        1
   b - Ensorcelled Hibernation        Hexes/Ice                    2
   c - Confuse                        Hexes                        3
   d - Tukima's Dance                 Hexes                        3
   e - Dazzling Spray                 Conjuration/Hexes            3
 j - a book of Misfortune

   Spells                             Type                      Level
   a - Confusing Touch                Hexes                        1
   b - Confuse                        Hexes                        3
   c - Gell's Gravitas                Hexes/Translocation          3
   d - Petrify                        Transmutation/Earth          4
   e - Metabolic Englaciation         Hexes/Ice                    5
   f - Yara's Violent Unravelling     Hexes/Transmutation          5
 C - a book of Flames

   Spells                             Type                      Level
   a - Flame Tongue                   Conjuration/Fire             1
   b - Throw Flame                    Conjuration/Fire             2
   c - Conjure Flame                  Conjuration/Fire             3
   d - Inner Flame                    Hexes/Fire                   3
   e - Sticky Flame                   Conjuration/Fire             4
   f - Fireball                       Conjuration/Fire             5
Comestibles
 d - 5 bread rations
 i - 7 fruits
 t - 4 royal jellies


   Skills:
 + Level 6.5 Short Blades
 - Level 3.0 Dodging
 + Level 11.9 Stealth
 * Level 11.7 Spellcasting
 * Level 12.2 Hexes
 - Level 2.8 Ice Magic


You had 16 spell levels left.
You knew the following spells:

 Your Spells              Type           Power        Failure   Level  Hunger
a - Corona                Hex            ######.      1%          1    None
b - Ensorcelled Hibernat  Hex/Ice        #####.       1%          2    None
c - Confuse               Hex            ######..     1%          3    None
d - Metabolic Englaciati  Hex/Ice        #####.....   3%          5    ####...
e - Gell's Gravitas       Hex/Tloc       #####.....   1%          3    None
f - Tukima's Dance        Hex            ######..     1%          3    None


Dungeon Overview and Level Annotations

Branches:
Dungeon (10/15)            Temple (1/1) D:5             Orc (0/2) D:9
   Lair: D:8-11

Altars:
Ashenzari
Cheibriados
Dithmenos
Fedhas
Gozag
Hepliaklqana
Kikubaaqudgha
Makhleb
Nemelex Xobeh
Okawaru
Qazlal
Ru
Sif Muna
Trog
Uskayaw
Vehumet
Xom
Yredelemnul
Zin
The Shining One

Shops:
D:8 [


Innate Abilities, Weirdness & Mutations

You are very small and have problems with some larger weapons.
You are too small for most types of armour.
You have supernaturally acute eyesight. (SInv)
You are a herbivore.
You cover ground extremely quickly.
You need consume almost no food.


Message History

The hill giant closely misses you. The troll completely misses you. x2
The troll barely misses you.
The hill giant is distracted by the nearby gold.
The hill giant is no longer distracted by gold.
Casting: Ensorcelled Hibernation
Confirm with . or Enter, or press ? or * to list all spells.
Aiming: Ensorcelled Hibernation
Press: ? - help, Shift-Dir - straight line, f/p - hill giant
Aim: a hill giant, wielding a giant spiked club (chance to defeat MR: 53%)
The hill giant looks drowsy...
The helpless hill giant fails to defend itself.
You perforate the hill giant like a sieve!!!
The hill giant is almost dead.
The troll bites you!
* * * LOW HITPOINT WARNING * * *
The troll claws you!
* * * LOW HITPOINT WARNING * * *
The troll claws you!
You die...
Your body crumbles into a pile of gold.

##8 ############### ##..
##.......<.....## ##...
##.......$.......## #[...
##............>....###....
##...................##.#..
##.............).......[.##8
##.......(..........)..[[####
##...........@C............##
##.............T.............##
##.............................#
##.................###...........
#.................## ##..........
..................# #.......[..
.......###........## ##..........
......## ##........###........(..
......# #......................


You could see a hill giant and a troll.

Vanquished Creatures
  The ghost of DarthCheeto the Slicer, a novice DsAs (D:9)
  The ghost of DarthCheeto the Chucker, a novice DsAs of Okawaru (D:6)
  An ugly thing (D:6)
  Maurice (D:8)
  Prince Ribbit (D:7)
  2 hippogriffs
  2 wyverns
  5 yaks (D:9)
  2 hungry ghosts (D:7)
  Edmund (D:4)
  Menkaure (D:5)
  A water moccasin (D:5)
  5 orc warriors
  A sky beast (D:7)
  5 ogres
  4 ice beasts (D:7)
  A black bear (D:7)
  2 necrophages (D:9)
  2 centaurs
  A big kobold (D:7)
  6 bullfrogs
  A wyvern zombie (D:9)
  4 scorpions
  6 killer bees
  A vampire bat (D:5)
  The ghost of DarthCheeto the Sneak, a weakling DsAs (D:3)
  An electric eel (D:9)
  3 howler monkeys
  5 crimson imps
  A bullfrog zombie (D:5)
  3 orc priests
  A bullfrog skeleton (D:7)
  9 hounds
  A jelly (D:9)
  12 orc wizards
  An iguana (D:6)
  6 worker ants
  4 hound skeletons
  2 hound zombies (D:6)
  A worker ant zombie (D:5)
  7 gnolls
  11 adders
  A shadow imp (D:7)
  An adder zombie (D:6)
  An adder skeleton (D:4)
  2 worms (D:3)
  2 dart slugs
  3 fire bats (D:5)
  7 leopard geckos
  40 orcs
  2 spectral bats (D:5)
  3 bat skeletons (D:5)
  A bat zombie (D:5)
  10 giant cockroaches
  6 goblins
  4 hobgoblins (D:1)
  4 jackals (D:8)
  10 kobolds
  5 quokkas
  4 ball pythons
  16 bats
  A bat simulacrum (D:5)
  3 frilled lizards
  2 jackal skeletons
  A quokka skeleton (D:4)
  3 rats (D:1)
259 creatures vanquished.

Vanquished Creatures (collateral kills)
  3 kobolds (D:7)
3 creatures vanquished.

Grand Total: 262 creatures vanquished

Notes
Turn   | Place    | Note
-------+----------+-------------------------------------------
     0 | D:1      | LORDOFBUTT the Spriggan Enchanter began the quest for the Orb.
     0 | D:1      | Reached XP level 1. HP: 9/9 MP: 5/5
   413 | D:1      | Reached skill level 4 in Hexes
   438 | D:1      | Reached XP level 2. HP: 13/13 MP: 6/6
  1139 | D:1      | Reached skill level 5 in Stealth
  1225 | D:1      | Reached XP level 3. HP: 15/16 MP: 8/8
  2163 | D:2      | Learned a level 2 spell: Ensorcelled Hibernation
  2167 | D:2      | Learned a level 3 spell: Confuse
  2170 | D:2      | Learned a level 1 spell: Corona
  2401 | D:3      | Found a glowing silver altar of Zin.
  2488 | D:3      | Noticed DarthCheeto's ghost (weakling DsAs)
  2608 | D:3      | Reached XP level 4. HP: 13/21 MP: 7/10
  2779 | D:3      | Reached skill level 5 in Hexes
  2825 | D:3      | Found a snail-covered altar of Cheibriados.
  2875 | D:3      | Found a stormy altar of Qazlal.
  3004 | D:3      | Killed DarthCheeto's ghost
  3004 | D:3      | Reached XP level 5. HP: 22/24 MP: 5/12
  3556 | D:4      | Reached skill level 5 in Spellcasting
  3629 | D:4      | Noticed Edmund
  3676 | D:4      | Killed Edmund
  3676 | D:4      | Reached skill level 6 in Hexes
  3676 | D:4      | Reached XP level 6. HP: 10/28 MP: 2/15
  4027 | D:4      | Found a shattered altar of Ashenzari.
  4870 | D:4      | Reached XP level 7. HP: 22/32 MP: 3/17
  5545 | D:5      | Entered Level 5 of the Dungeon
  5546 | D:5      | Noticed Menkaure
  5561 | D:5      | Killed Menkaure
  5561 | D:5      | Reached skill level 7 in Hexes
  5819 | D:5      | Found a staircase to the Ecumenical Temple.
  6044 | D:5      | Found a sparkling altar of Nemelex Xobeh.
  6320 | D:5      | Learned a level 5 spell: Metabolic Englaciation
  6324 | D:5      | Learned a level 3 spell: Gell's Gravitas
  6328 | D:5      | Learned a level 3 spell: Tukima's Dance
  6659 | D:5      | Reached skill level 1 in Ice Magic
  6772 | Temple   | Entered the Ecumenical Temple
  6995 | Temple   | Became a worshipper of Gozag Ym Sagoz the Greedy
  7086 | D:6      | Reached XP level 8. HP: 34/36 MP: 19/19
  7159 | D:6      | Noticed a purple ugly thing
  7207 | D:6      | Noticed DarthCheeto's ghost (novice DsAs)
  7261 | D:5      | Reached skill level 8 in Hexes
  8508 | D:6      | Killed a purple ugly thing
  8508 | D:6      | Reached skill level 9 in Hexes
  8508 | D:6      | Reached XP level 9. HP: 37/39 MP: 12/22
  8973 | D:6      | Killed DarthCheeto's ghost
  9765 | D:7      | Reached skill level 10 in Hexes
  9779 | D:7      | Noticed Prince Ribbit
  9800 | D:7      | Killed Prince Ribbit
  9800 | D:7      | Reached skill level 10 in Stealth
  9966 | D:7      | Reached skill level 5 in Short Blades
 10360 | D:7      | Reached skill level 10 in Spellcasting
 10491 | D:7      | Reached XP level 10. HP: 44/44 MP: 21/25
 11896 | D:8      | Reached skill level 11 in Hexes
 12204 | D:8      | Noticed Maurice
 12211 | D:8      | Killed Maurice
 12287 | D:9      | Noticed DarthCheeto's ghost (novice DsAs)
 12319 | D:9      | Killed DarthCheeto's ghost
 12904 | D:9      | HP: 1/44 [orc warrior/trident (9)]
 13177 | D:9      | Found a staircase to the Orcish Mines.
 13309 | D:9      | Reached skill level 12 in Hexes
 13635 | D:9      | Reached XP level 11. HP: 41/47 MP: 22/27
 14143 | D:9      | Found a blossoming altar of Fedhas.
 14485 | D:10     | Entered Level 10 of the Dungeon
 14486 | D:10     | Noticed a hill giant
 14627 | D:8      | Bought a steaming robe for 210 gold pieces
 14627 | D:8      | Bought an encrusted cloak for 351 gold pieces
 14637 | D:8      | Identified the +2 robe of Royalty {*Contam rPois Int+3} (You bought it in a shop on level 8 of the Dungeon)
 14647 | D:8      | Identified the +0 cloak of the Thirteen Nights {rPois Int+6} (You bought it in a shop on level 8 of the Dungeon)
 14887 | D:9      | Mangled by a troll

Skill      XL: |  1  2  3  4  5  6  7  8  9 10 |
---------------+-------------------------------+-----
Hexes          | 4 5 6 7 9 10 12 | 12.2
Spellcasting   | 3 4 5 6 7 8 10 11 | 11.7
Stealth        | 5 6 7 8 10 11 | 11.9
Short Blades   | 2 3 5 6 |  6.5
Ice Magic      | 1 2 |  2.8
Dodging        | |  3.0

Action                   |  1- 3 |  4- 6 |  7- 9 | 10-12 || total
-------------------------+-------+-------+-------+-------++-------
Melee: Dagger            |   178 |   188 |   564 |    39 ||   969
       Short sword       |       |       |       |   275 ||   275
 Cast: Ensorcelled Hiber |    10 |    38 |    85 |    85 ||   218
       Confuse           |       |     7 |    20 |    18 ||    45
       Tukima's Dance    |       |       |       |     2 ||     2
       Metabolic Englaci |       |       |       |     1 ||     1
Invok: Call Merchant     |       |       |       |     1 ||     1
  Use: Scroll            |     5 |     1 |     1 |     6 ||    13
       Potion            |       |     1 |       |     3 ||     4
 Stab: Sleeping          |    20 |    20 |    51 |    59 ||   150
       Confused          |       |     6 |    19 |    14 ||    39
       Distracted        |       |       |     2 |     3 ||     5
  Eat: Bread ration      |       |     1 |     1 |     2 ||     4
       Fruit             |       |       |       |     2 ||     2
Armor: Robe              |    29 |    20 |   100 |    34 ||   183
Dodge: Dodged            |   149 |    99 |   481 |   287 ||  1016
